Map: Ruins of Endion

Players

State - Winner!

  • Race: Protoss Protoss
  • League: Grandmaster

Pokebunny

  • Race: Terran Terran
  • League: Grandmaster

VOD

Have the link to the VOD?

Description

Time

  • Played on: April 5, 2016, 2:06 a.m.
  • Length: 6:56
Show
View Real Time Build Order
Export as new Build Order

State Protoss - Winner!

Build Orders: 1 Gate Expand 

Get SALT Encoding   

  12  0:02  Probe (Chrono Boost)  
  13  0:13  Probe (Chrono Boost)  
  14  0:20  Pylon  
  14  0:23  Probe (Chrono Boost)  
  15  0:38  Gateway, Probe (Chrono Boost)  
  16  0:43  Assimilator  
  16  0:48  Probe (Chrono Boost)  
  17  0:59  Probe (Chrono Boost)  
  18  1:09  Probe (Chrono Boost)  
  19  1:22  Nexus  
  19  1:24  Probe (Chrono Boost)  
  20  1:33  Cybernetics Core  
  20  1:36  Probe (Chrono Boost)  
  21  1:42  Assimilator  
  22  1:47  Probe (Chrono Boost)  
  22  1:52  Pylon  
  22  1:57  Probe (Chrono Boost)  
  23  2:11  Mothership Core (Chrono Boost)  
  23  2:13  Adept (Chrono Boost)  
  27  2:22  Warp Gate  
  27  2:29  Probe (Chrono Boost)  
  28  2:33  Probe (Chrono Boost)  
  28  2:40  Adept (Chrono Boost), Probe  
  28  2:43  Probe  
  32  2:52  Probe  
  32  2:54  Probe  
  34  3:02  Forge  
  34  3:04  Probe  
  34  3:05  Probe  
  35  3:11  Pylon  
  35  3:12  Pylon  
  36  3:16  Probe x2 (Chrono Boost)  
  38  3:27  Probe x2 (Chrono Boost)  
  38  3:31  Protoss Ground Weapons Level 1 (Chrono Boost)  
  40  3:38  Probe x2 (Chrono Boost)  
  42  3:41  Twilight Council  
  42  3:44  Robotics Facility  
  42  3:48  Probe x2 (Chrono Boost)  
  44  3:59  Probe x2 (Chrono Boost)  
  47  4:10  Probe x2 (Chrono Boost)  
  47  4:14  Gateway  
  47  4:17  Gateway  
  48  4:22  Gateway, Probe (Chrono Boost)  
  48  4:23  Assimilator, Pylon  
  47  4:24  Resonating Glaives (Chrono Boost)  
  47  4:25  Assimilator, Pylon  
  47  4:28  Probe  
  46  4:33  Observer (Chrono Boost)  
  46  4:36  Adept  
  49  4:40  Mothership Core  
  49  4:41  Pylon  
  49  4:43  Probe  
  52  4:45  Photon Cannon  
  52  4:52  Photon Cannon  
  52  4:54  Observer (Chrono Boost)  
  52  4:57  Pylon, Probe  
  54  5:01  Probe  
  55  5:13  Adept, Warp Prism (Chrono Boost)  
  59  5:24  Adept x3  
  65  5:38  Probe x2  
  67  5:46  Pylon  
  67  5:48  Observer  
  68  5:50  Adept x4  
  76  5:58  Nexus  
  76  6:04  Probe x2  
  78  6:14  Adept x4  
  86  6:24  Probe x2  
  80  6:36  Probe  
  80  6:37  Probe  
  80  6:43  Adept x3  
  84  6:47  Pylon  
  84  6:50  Pylon  
  84  6:51  Pylon  
Show
View Real Time Build Order
Export as new Build Order

Pokebunny Terran 

Build Orders: Reaper Expand 

Get SALT Encoding   

  12  0:00  SCV  
  13  0:12  SCV  
  14  0:17  Supply Depot  
  14  0:25  SCV  
  15  0:38  SCV  
  15  0:40  Barracks  
  16  0:44  Refinery  
  16  0:50  SCV  
  17  1:03  SCV  
  18  1:15  SCV  
  19  1:28  Orbital Command, Reaper  
  20  1:41  Command Center  
  20  1:52  Supply Depot  
  20  1:53  SCV  
  21  1:59  Marine  
  22  2:05  SCV  
  23  2:09  Factory  
  23  2:14  Refinery  
  23  2:17  Marine  
  23  2:18  SCV  
  25  2:30  SCV  
  26  2:38  Barracks Reactor  
  26  2:42  SCV  
  27  2:52  Orbital Command  
  27  2:54  SCV  
  28  2:58  Starport  
  28  2:59  Hellion  
  30  3:06  SCV  
  31  3:16  Marine x2  
  31  3:18  SCV  
  31  3:34  Marine, SCV  
  24  3:35  SCV  
  24  3:38  Widow Mine  
  24  3:39  Medivac  
  24  3:41  Marine  
  30  3:59  Marine  
  30  4:09  Factory Tech Lab  
  28  4:20  SCV x2  
  31  4:32  Barracks Reactor  
  31  4:33  Siege Tank  
  31  4:35  Barracks  
  31  4:36  Barracks  
  31  4:37  SCV x2  
  35  4:46  Medivac  
  35  4:49  SCV x2  
  39  4:55  Supply Depot  
  39  4:56  Supply Depot  
  39  5:05  Siege Tank  
  39  5:06  SCV x2  
  44  5:23  Marine  
  44  5:24  Marine, Barracks Tech Lab  
  44  5:26  Barracks Reactor  
  44  5:28  SCV x2  
  47  5:30  Medivac  
  47  5:33  Supply Depot  
  49  5:37  Siege Tank  
  49  5:40  SCV x2  
  49  5:42  Marine x2  
  55  5:44  Marine  
  57  5:52  SCV x2  
  57  5:53  Supply Depot  
  59  5:58  Supply Depot  
  59  6:00  Marine x2  
  59  6:01  Marine  
  62  6:04  Marine x2  
  62  6:05  Medivac  
  51  6:27  SCV x2  
Tags
 
Add a new tag
Caveats
  • Supply blocks, unpowered buildings, or Contaminate may cause inaccurate times.
  • Supply counts are checked every 10 seconds.